 Dungeon Crawl Stone Soup version 0.17-a0-2122-g03d97ec (webtiles) character file.

129 brucemayne the Chopper (level 4, -3/35 HPs)
             Began as a Demonspawn Berserker on Oct 21, 2015.
             Was a Believer of Trog.
             Killed by divine providence
             ... invoked by an orc priest
              (14 damage)
             ... on level 4 of the Dungeon.
             The game lasted 00:02:45 (637 turns).

brucemayne the Chopper (Demonspawn Berserker)        Turns: 637, Time: 00:02:46

Health: -3/35      AC:  8    Str: 18    XL:     4   Next: 88%
Magic:  4/4        EV: 10    Int:  8    God:    Trog [**....]
Gold:   64         SH:  0    Dex: 13    Spells: 0 memorised, 3 levels left

rFire  . . .     SeeInvis .     a - +0 hand axe
rCold  . . .     Clarity  .     g - +0 ring mail
rNeg   . . .     SustAt   .     (no shield)
rPois  .         Gourm    .     (no helmet)
rElec  .         Spirit   .     (no cloak)
rCorr  .         Warding  .     (no gloves)
rMut   .         Stasis   .     (no boots)
MR     ++...                    (no amulet)
Stlth  +.........               (no ring)
                                (no ring)

@: exhausted, regenerating, slowed, very slow, very resistant to hostile
enchantments, very unstealthy
A: talons 1, molten scales 2
a: Berserk, Trog's Hand, Burn Spellbooks, Renounce Religion


You were on level 4 of the Dungeon.
You worshipped Trog.
Trog was pleased with you.
You were very hungry.

You visited 1 branch of the dungeon, and saw 4 of its levels.

You collected 64 gold pieces.

Inventory:

Hand Weapons
 a - a +0 hand axe (weapon)
Armour
 b - a +0 animal skin
 g - a +0 ring mail (worn)
Scrolls
 d - 2 scrolls of remove curse {unknown}
 h - a scroll of identify {unknown}
 j - a scroll of amnesia {unknown}
 l - a scroll of magic mapping {unknown}
 o - a scroll of teleportation {unknown}
Potions
 f - a potion of might {unknown}
 i - a potion of mutation {unknown}
 m - a potion of haste {unknown}
 p - a potion of heal wounds {unknown}
Comestibles
 c - 10 chunks of flesh
 k - a meat ration
 n - a slice of pizza


   Skills:
 - Level 3.0 Fighting
 + Level 5.1 Axes
 - Level 1.7 Armour
 - Level 1.7 Dodging


You had 3 spell levels left.
You didn't know any spells.

Dungeon Overview and Level Annotations

Branches:
Dungeon (4/15)
 Temple: D:4-7

Altars:
Qazlal


Innate Abilities, Weirdness & Mutations

You have sharp toenails.
You are mostly covered in molten scales (AC +3, EV -1).


Message History

The orc priest hits you with a flail.
Use which ability?
Your skin crawls.
You feel resistant to hostile enchantments.
You feel slightly more hungry. The orc priest completely misses you.
You barely miss the orc priest.
The orc priest is lightly wounded.
The orc priest calls down the wrath of Beogh upon you.
Something smites you!
The orc priest hits you but does no damage.
You hit the orc priest but do no damage.
You claw the orc priest, but do no damage.
The orc priest is lightly wounded.
The orc priest hits you but does no damage.
You slash the orc priest! You claw the orc priest.
The orc priest is severely wounded.
The orc priest hits you with a flail.
The orc priest mumbles some strange prayers to Beogh against you.
Something smites you!
You die...

#..#
####..###
#......<#
#.####### #.#
#.# #)#
#.####[###
#..o@)...#
##.#####..$..
# ####.#


You could see an orc priest.

Vanquished Creatures
  An orc wizard (D:3)
  An orc priest (D:4)
  2 adders
  A gnoll (D:3)
  An adder skeleton (D:3)
  7 orcs
  4 bats
  2 goblins
  6 hobgoblins
  2 jackals (D:2)
  A giant gecko (D:2)
  3 giant newts
  4 kobolds
  2 rats
37 creatures vanquished.

Notes
Turn   | Place    | Note
--------------------------------------------------------------
     0 | D:1      | brucemayne the Demonspawn Berserker began the quest for the Orb.
     0 | D:1      | Reached XP level 1. HP: 18/18 MP: 1/1
    50 | D:2      | Gained mutation: You are partially covered in molten scales (AC +1). [demonic ancestry]
    50 | D:2      | Reached XP level 2. HP: 24/24 MP: 2/2
   419 | D:3      | Reached ** piety under Trog
   419 | D:3      | Gained mutation: You have sharp toenails. [demonic ancestry]
   419 | D:3      | Reached XP level 3. HP: 12/29 MP: 3/3
   453 | D:3      | Reached skill level 4 in Axes
   523 | D:3      | Found a stormy altar of Qazlal.
   574 | D:3      | Gained mutation: You are mostly covered in molten scales (AC +3, EV -1). [demonic ancestry]
   574 | D:3      | Reached XP level 4. HP: 9/35 MP: 4/4
   621 | D:4      | Reached skill level 5 in Axes
   637 | D:4      | Killed from afar by an orc priest

Vault maps used:
D:1:      dpeg_arrival_houses_and_road, xom_teletrap_fun
D:2:      nicolae_tso_carved_into_rock, trog_three_pillars_becter, uniq_robin,
          uniq_terence
D:3:      fedhas_altar_2, okawaru_altar_gauntlet_db,
          nicolae_overflow_hidden_temple, serial_undead, serial_undead_f,
          serial_undead_a, serial_undead_c, serial_undead_e,
          grunt_dithmenos_smoke
D:4:      first_bread, uniq_blork_the_orc, uniq_edmund, uniq_crazy_yiuf_cottage

Action                   |  1- 3 |  4- 6 || total
-------------------------+-------+-------++-------
Melee: Hand axe          |    97 |    14 ||   111
Invok: Berserk           |     7 |     1 ||     8
       Trog's Hand       |     1 |     2 ||     3
  Use: Potion            |       |     1 ||     1
 Stab: Sleeping          |     1 |       ||     1
  Eat: Chunk             |     1 |     1 ||     2
       Bread ration      |     1 |       ||     1
